 Dungeon Crawl Stone Soup version 0.30.0-10-gfe55d96785 (webtiles) character file.

Game seed: 5893119264856597567

748 AlmostDecent the Chopper (level 7, 0/44 HPs)
             Began as a Gargoyle Fighter on May 15, 2023.
             Was a Follower of Okawaru.
             Killed from afar by a ynoxinul (31 damage)
             ... with an iron shot
             ... on level 1 of the Abyss.
             The game lasted 00:12:23 (4485 turns).

AlmostDecent the Chopper (Gargoyle Fighter)         Turns: 4485, Time: 00:12:23

Health: 0/44       AC: 19    Str: 20    XL:     7   Next: 77%
Magic:  7/7        EV:  7    Int:  8    God:    Okawaru [*.....]
Gold:   191        SH:  4    Dex: 11    Spells: 6/6 levels left

rFire   . . .        a - +0 war axe (flame)
rCold   . . .        c - +0 buckler
rNeg    + . .        p - +0 chain mail
rPois   ∞            h - +1 helmet
rElec   +            m - +0 cloak
rCorr   .            r - +0 pair of gloves
SInv    .            l - +0 pair of boots
Will    .....        (no amulet) Stlth
                     (no ring)
HPRegen 0.27/turn    (no ring)
MPRegen 0.10/turn

%: no passive effects
@: weak-willed, invisible
A: sickness immunity, AC +4, negative energy resistance 1, electricity
resistance, torment resistance 1, petrification resistance, [subdued magic 2]
a: Renounce Religion, Heroism


You were on level 1 of the Abyss.
You worshipped Okawaru.
Okawaru was aware of your devotion.
You visited 2 branches of the dungeon, and saw 6 of its levels.
You visited the Abyss 1 time.
You also visited: Sewer.

You collected 191 gold pieces.

Inventory:

Hand Weapons
 a - a +0 war axe of flaming (weapon)
 t - a +2 whip of venom
Armour
 c - a +0 buckler (worn)
 h - a +1 helmet (worn)
 l - a +0 pair of boots (worn)
 m - a +0 cloak (worn)
 p - a +0 chain mail (worn)
 r - a +0 pair of gloves (worn)
Jewellery
 o - a ring of resist corrosion
Scrolls
 b - 2 scrolls of poison
 d - a scroll of magic mapping
 f - a scroll of identify
 n - 2 scrolls of fog
 u - a scroll of enchant armour
Potions
 e - 3 potions of heal wounds
 g - 6 potions of flight
 i - a potion of lignification
 j - 6 potions of curing
 k - 2 potions of mutation
 s - 2 potions of invisibility


   Skills:
 + Level 4.8 Fighting
 * Level 7.1 Axes
 - Level 3.3 Armour
 + Level 0.8 Stealth
 - Level 3.3 Shields


You had 6 spell levels left.
You didn't know any spells.
Your spell library contained the following spells:

 Spells                   Type           Power      Damage    Failure   Level
 Ensorcelled Hibernation  Hex/Ice        0%         N/A       99%         2
 Passwall                 Tmut/Erth      0%         N/A       99%         2
 Wereblood                Tmut           0%         N/A       99%         2
 Ignite Poison            Fire/Tmut/Pois 0%         N/A       100%        3
 Spider Form              Tmut/Pois      0%         N/A       100%        3
 Swiftness                Air            0%         N/A       100%        3
 Anguish                  Hex/Necr       0%         N/A       100%        4
 Sticky Flame             Conj/Fire      0%         2d3       100%        4
 Ignition                 Fire           0%         3d3       100%        8
 Sublimation of Blood     Necr           Unusable   N/A       N/A         2
 Summon Hydra             Summ           Unusable   N/A       N/A         7

Dungeon Overview and Level Annotations

Branches:
Dungeon (5/15)             Temple (1/1) D:5           Sewer (visited)

Altars:
Cheibriados
Elyvilon
Gozag
Kikubaaqudgha
Makhleb
Nemelex Xobeh
Okawaru
Qazlal
Ru
Sif Muna
Trog
Wu Jian
Xom
Yredelemnul
Zin

Annotations:
D:5 Dowan


Innate Abilities, Weirdness & Mutations

You are immune to sickness and miasma.
Your stone body is resilient. (AC +4)
You are immune to poison.
You resist negative energy. (rN+)
You are resistant to electric shocks. (rElec)
You are resistant to unholy torment.
You are immune to petrification.
[Your spells are easier to cast, but less powerful.]


Message History

Duvessa is severely wounded.
Duvessa hits you but does no damage.
You slash Duvessa! You burn Duvessa.
You kill Duvessa!
Okawaru is honoured by your kill.
You can now gain great but temporary skills.
Dowan screams, "No!
No!"
Dowan seems to find hidden reserves of power!
Dowan hits you with a +2 dagger of distortion.
You are cast into the Abyss!
This branch contains the abyssal rune of Zot.
Your Axes skill increases to level 7!
HP restored.
You enter the shallow water.
Moving in this stuff is going to be slow.
You enter the shallow water.
Moving in this stuff is going to be slow.
A smoke demon comes into view.
The smoke demon roars!
A smoke demon is nearby!
An ancient zyme and a wretched star come into view.
As you read the scroll labelled HYXIMU BEIM, it crumbles to dust.
You feel momentarily disoriented.
It was a scroll of magic mapping.
The smoke demon gestures at you. Something smites you!
As you read the scroll labelled JOT ENGIFFA, it crumbles to dust.
Magic quickly surges around you.
It was a scroll of vulnerability.
The wretched star pulses with an eldritch light!
Your connection to magic feels subdued.
Your connection to magic feels more subdued.
Blink to where?
Press: ? - help, Dir - move target A ynoxinul comes into view.
As you read the scroll of blinking, it crumbles to dust.
The ynoxinul hits you but does no damage.
You fade into invisibility!
The ynoxinul gestures at you. The iron shot hits you!!
Ouch! That really hurt!
You die...

## .# .# # .. #
#..#....# .# .. .~ .~~
.§.#.##.# .# #
##~~..~~#.#..... ..
##.##~...#.##.... .#.#
...# #.~~~~~.#§..#....#
##.###.~≈≈~≈##§.@.....#
#.#3.#.~≈§~~...~#3.....#
...#.#.#.~≈#~## #######
# .###3..x~#♣
###..*###~# #....~ ~#
#.....#.. ~~ #.....
...#§≈ ..#... #..## ~


You could see an ancient zyme (unable to see you, weak-willed) and a ynoxinul
(unable to see you).

Vanquished Creatures
  Menkaure (D:5)
  Duvessa (D:5)
  An ogre (D:4)
  A scorpion (D:4)
  A hound (D:5)
  An orc priest (D:3)
  An iguana (D:4)
  13 adders
  5 river rats (Sewer)
  2 ufetubi (D:4)
  2 worms
  13 orcs
  15 ball pythons
  16 bats
  7 endoplasms
  4 giant cockroaches
  A goblin (D:1)
  5 hobgoblins
  4 jackals (Sewer)
  5 quokkas
  9 frilled lizards
  7 kobolds
  4 rats (D:1)
119 creatures vanquished.

Notes
Turn   | Place    | Note
-------+----------+-------------------------------------------
     0 | D:1      | AlmostDecent the Gargoyle Fighter began the quest for the
                  | Orb.
     0 | D:1      | Reached XP level 1. HP: 14/14 MP: 1/1
    98 | D:1      | Reached skill level 2 in Axes
    98 | D:1      | Reached XP level 2. HP: 19/19 MP: 2/2
   605 | D:1      | Reached XP level 3. HP: 24/24 MP: 3/3
   944 | D:2      | Found a faded altar of an unknown god.
  1185 | D:2      | Found an opulent altar of Gozag.
  1281 | D:2      | Reached skill level 3 in Axes
  1494 | D:2      | Reached XP level 4. HP: 29/29 MP: 4/4
  1612 | D:3      | Found a glowing drain.
  1642 | Sewer    | Entered a sewer
  1922 | Sewer    | Reached skill level 4 in Axes
  1922 | Sewer    | Reached XP level 5. HP: 33/33 MP: 5/5
  2405 | D:3      | Reached XP level 6. HP: 31/38 MP: 6/6
  2487 | D:3      | Found a sparkling altar of Nemelex Xobeh.
  2487 | D:3      | Found a snail-covered altar of Cheibriados.
  2593 | D:3      | Reached skill level 5 in Axes
  2700 | D:3      | Found an ancient bone altar of Kikubaaqudgha.
  3304 | D:4      | Reached skill level 6 in Axes
  3304 | D:4      | Reached XP level 7. HP: 27/44 MP: 7/7
  3688 | D:5      | Entered Level 5 of the Dungeon
  3836 | D:5      | Found a staircase to the Ecumenical Temple.
  3875 | Temple   | Entered the Ecumenical Temple
  3908 | Temple   | Became a worshipper of Warmaster Okawaru
  3975 | D:5      | Noticed Menkaure
  3983 | D:5      | Killed Menkaure
  4174 | D:5      | Found a glowing silver altar of Zin.
  4174 | D:5      | Found a burning altar of Makhleb.
  4175 | D:5      | Noticed a blizzard demon
  4175 | D:5      | Noticed an angel
  4346 | D:5      | Found a shimmering altar of Xom.
  4399 | D:5      | Noticed Dowan
  4407 | D:5      | Noticed Duvessa
  4417 | D:5      | Killed Duvessa
  4417 | D:5      | Reached * piety under Okawaru
  4417 | Abyss:1  | Cast into level 1 of the Abyss (Dowan)
  4418 | Abyss:1  | Reached skill level 7 in Axes
  4471 | Abyss:1  | Noticed a smoke demon
  4478 | Abyss:1  | Noticed an ancient zyme
  4478 | Abyss:1  | Noticed a wretched star
  4484 | Abyss:1  | Noticed a ynoxinul
  4485 | Abyss:1  | Killed from afar by a ynoxinul

Illustrated notes

Levels and vault maps discovered:
D:1:      dpeg_arrival_rooms_a, layout_loops_ring
D:2:      minmay_chambers_of_ones, layout_loops_ring, basic_altar,
          chequers_ecumenical_altar_simple
D:3:      layout_rooms, nicolae_kikubaaqudgha_miasma_corner,
          gammafunk_temple_overflow_pools, cheibrodos_sewer_entry_sluice,
          serial_forest, infiniplex_forest_lined_room_,
          infiniplex_forest_clump_curved, infiniplex_forest_zigzag_1,
          infiniplex_forest_clump_curved, infiniplex_forest_lined_corner,
          infiniplex_forest_split, infiniplex_forest_straight_2,
          infiniplex_forest_end_2, infiniplex_forest_clump_C,
          infiniplex_forest_side_room
D:4:      layout_rooms, grunt_decor_junction
D:5:      layout_basic, grunt_temple_overflow_order_and_chaos_2,
          lemuel_doored_altar, minmay_temple_entry_purple_smoke, uniq_duvessa,
          uniq_menkaure
Temple:   compressed_dpeg_circular_temple
Abyss:1:  base:
D:2

Skill      XL: |  1  2  3  4  5  6  7 |
---------------+----------------------+-----
Axes           | 2 3 4 6 7 |  7.1
Fighting       | 4 |  4.8
Armour         | |  3.3
Stealth        | |  0.8
Shields        | |  3.3

Action                     |  1- 3 |  4- 6 |  7- 9 || total
---------------------------+-------+-------+-------++-------
  Melee: War axe           |    91 |   266 |    36 ||   393
    Use: Scroll            |       |    12 |     3 ||    15
         Potion            |       |       |     2 ||     2
 Armour: Scale mail        |    49 |     2 |       ||    51
         Chain mail        |       |   231 |    44 ||   275
  Dodge: Dodged            |    34 |   117 |    24 ||   175
  Block: Buckler           |    14 |    64 |    15 ||    93
